AoeStats
← HurtCabbage7450

Arena

510620717Analyzed
2v2 RM · 1d ago on Oct 1, 2026· 43m 32s· 4 players
Game mode
Random Map
Map size
Medium (4 player)
Population
200
Speed
Normal
Resources
Standard
Victory
Conquest
Starting age
Dark Age
Ending age
Imperial Age
RankedLock teamsTeams togetherTeam positionsShared explorationLock speedFull tech treeHidden civsTurbo modeCheats
Victory
Defeat
🇨🇱 Varangians · Chile
642
+18
🇩🇿 Khmer · Algeria
618
+19
🇦🇷 Portuguese · Argentina
718
-29
🇦🇷 Cumans · Argentina
652
-17
CHILEPALESTA
1:27 Loom
10:30 Feudal Age
11:07 Double-Bit Axe
11:53 Horse Collar
14:26 Man-at-Arms
15:46 Forging
16:39 Scale Mail Armor
19:31 Bloodlines
19:27 Gold Mining
21:51 Stone Mining
23:15 Wheelbarrow
23:03 Scale Barding Armor
25:07 Fletching
28:00 Castle Age
27:39 Town Watch
27:58 Padded Archer Armor
28:02 Arson
29:32 Iron Casting
29:19 Chain Barding Armor
28:23 Pikeman
28:35 Elite Skirmisher
29:20 Heavy Plow
29:35 Bow Saw
29:52 Squires
31:13 Stone Shaft Mining
31:17 Caravan
31:06 Gambesons
31:28 Husbandry
33:00 Hand Cart
38:35 Imperial Age
36:28 Vendel Legacy
38:23 Ballistics
38:17 Masonry
38:19 Fortified Wall
38:06 Murder Holes
38:41 Cavalier
39:52 Conscription
41:35 Blast Furnace
40:32 Bodkin Arrow
42:22 Coinage
41:56 Town Patrol
43:00 Chemistry
41:43 Treadmill Crane
42:26 Chain Mail Armor
43:09 Long Swordsman
deva811
11:43 Feudal Age
12:24 Double-Bit Axe
15:17 Castle Age
16:17 Bow Saw
17:11 Gold Mining
18:27 Horse Collar
26:56 Gold Shaft Mining
28:20 Wheelbarrow
28:09 Caravan
28:42 Town Watch
29:12 Stone Mining
29:30 Husbandry
29:41 Bloodlines
30:54 Stone Shaft Mining
33:17 Imperial Age
31:38 Hand Cart
32:14 Coinage
34:15 Town Patrol
34:54 Masonry
35:46 Chemistry
34:30 Cavalier
35:51 Forging
35:46 Scale Barding Armor
35:42 Padded Archer Armor
35:32 Fletching
36:49 Heavy Scorpion
40:38 Fervor
40:54 Illumination
40:51 Sanctity
41:08 Theocracy
40:33 Devotion
41:06 Elite Ballista Elephant
41:47 Tusk Swords
HurtCabbage7450
10:50 Feudal Age
12:55 Double-Bit Axe
18:59 Forging
18:56 Gold Mining
18:57 Stone Mining
20:46 Padded Archer Armor
23:44 Castle Age
25:25 Bow Saw
26:02 Leather Archer Armor
27:45 Horse Collar
29:11 Light Cavalry
32:12 Iron Casting
31:43 Scale Barding Armor
31:38 Scale Mail Armor
31:30 Fletching
36:34 Ballistics
Schell3481
5:35 Loom
9:52 Feudal Age
10:22 Double-Bit Axe
12:10 Wheelbarrow
15:15 Horse Collar
19:18 Castle Age
18:12 Gold Mining
18:13 Stone Mining
18:31 Fletching
19:25 Town Watch
20:12 Bow Saw
20:05 Heavy Plow
20:46 Stone Shaft Mining
24:51 Pikeman
25:19 Gambesons
26:14 Bodkin Arrow
29:28 Treadmill Crane
30:10 Ballistics
30:10 Hand Cart
30:41 Town Patrol
34:50 Imperial Age
33:14 Masonry
36:32 Two-Man Saw
36:04 Crop Rotation
36:09 Architecture
35:44 Siege Engineers
36:40 Chemistry
38:14 Onager
39:26 Conscription
39:13 Arquebus
41:07 Bombard Tower
41:49 Halberdier
Connection lost

Rejoining the realm…

Still unreachable

The connection could not be restored.

Session expired

The server has moved on; the page needs a fresh start.